 Dungeon Crawl Stone Soup version 0.27-a0-54-g64bdb92e38 (webtiles) character file.

Game seed: 2756077931342869989

1586 Borgoz the Slasher (level 9, -5/63 HPs)
             Began as a Halfling Fighter on Jan 7, 2021.
             Was an Initiate of Ashenzari.
             Slain by a two-headed ogre
             ... wielding a +0 giant club
              (14 damage)
             ... on level 8 of the Dungeon.
             The game lasted 00:10:47 (7615 turns).

Borgoz the Slasher (Halfling Fighter)               Turns: 7615, Time: 00:10:48

Health: -5/63      AC: 13    Str: 25    XL:     9   Next: 14%
Magic:  9/9        EV:  8    Int:  6    God:    Ashenzari [......]
Gold:   789        SH: 12    Dex: 21    Spells: 8/8 levels left

rFire    + . .     SeeInvis .   a - +0 long sword
rCold    . . .     Faith    .   c - +0 kite shield
rNeg     . . .     Spirit   .   C - +0 chain mail {rF+}
rPois    .         Reflect  .   p - +0 helmet
rElec    .         Harm     .   k - +0 cloak {rCorr}
rCorr    +         Rampage  .   g - +0 pair of gloves (curse)
Will     .....                  (no boots)
Stlth    ..........             r - amulet of the acrobat
HPRegen  0.20/turn              l - +6 ring of strength
MPRegen  0.11/turn              x - +6 ring of dexterity

@: mighty
A: small, mutation resistance 1
a: Renounce Religion, Curse Item


You were on level 8 of the Dungeon.
You worshipped Ashenzari.
Ashenzari was noncommittal.
You visited 2 branches of the dungeon, and saw 9 of its levels.

You collected 789 gold pieces.

Inventory:

Hand Weapons
 a - a +0 long sword (weapon)
Armour
 c - a +0 kite shield (worn)
 g - a cursed +0 pair of gloves (worn)
 k - a +0 cloak of preservation (worn)
 p - a +0 helmet (worn)
 C - a +0 chain mail of fire resistance (worn)
Jewellery
 l - a +6 ring of strength (left hand)
 n - an uncursed ring of fire
 r - an amulet of the acrobat (around neck)
 t - an uncursed ring of fire
 x - a +6 ring of dexterity (right hand)
Wands
 q - a wand of polymorph (11)
 u - a wand of random effects (16)
Scrolls
 b - 2 scrolls of remove curse
 e - 2 scrolls of amnesia
 f - 6 scrolls of teleportation
 j - 2 scrolls of blinking
 s - 2 scrolls of magic mapping {unknown}
 v - 2 scrolls of random uselessness {unknown}
 w - a scroll of enchant armour {unknown}
 y - 2 scrolls of immolation {unknown}
 B - a scroll of enchant weapon {unknown}
Potions
 h - 2 potions of curing {unknown}
 i - 3 potions of haste
 m - a potion of magic
 o - a potion of lignification {unknown}
 z - a potion of flight {unknown}


   Skills:
 * Level 6.4 Fighting
 * Level 6.5 Long Blades
 + Level 5.8 Armour
 + Level 5.8 Shields


You had 8 spell levels left.
You didn't know any spells.
Your spell library was empty.

Dungeon Overview and Level Annotations

Branches:
Dungeon (8/15)             Temple (1/1) D:6
   Lair: D:8-11

Altars:
Ashenzari
Cheibriados
Dithmenos
Elyvilon
Fedhas
Gozag
Hepliaklqana
Makhleb
Okawaru
Qazlal
Sif Muna
Wu Jian
Yredelemnul
Zin

Shops:
D:4 (


Innate Abilities, Weirdness & Mutations

You are small and have problems with some larger weapons.
You are somewhat resistant to further mutation.


Message History

The two-headed ogre hits you but does no damage.
The two-headed ogre hits you with a +0 giant spiked club!!
You barely miss the two-headed ogre.
The two-headed ogre hits you with a +0 giant club!
The two-headed ogre hits you with a +0 giant spiked club!
* * * LOW HITPOINT WARNING * * *
Evoke which item? (* to show all) (? for menu, Esc to quit)
Okay, then.
You feel very mighty all of a sudden. You block the two-headed ogre's attack.
The two-headed ogre hits you but does no damage.
You slash the two-headed ogre!
The two-headed ogre is lightly wounded.
You block the two-headed ogre's attack.
The two-headed ogre hits you with a +0 giant spiked club!
* * * LOW HITPOINT WARNING * * *
You hit the two-headed ogre.
The two-headed ogre is moderately wounded.
The two-headed ogre hits you with a +0 giant club!
You die...

.# .# .#
###.## ##....
#####....#
.........#
#..<#########
#.#...@O......
#.###########
... ... #...
#... ....


You could see a two-headed ogre.

Vanquished Creatures
  A sky beast (D:5)
  An orc warrior (D:7)
  An ice beast (D:5)
  A centaur (D:7)
  An ogre (D:7)
  3 big kobolds (D:7)
  A gnoll sergeant (D:7)
  2 scorpions
  A quasit (D:6)
  A bullfrog zombie (D:5)
  4 hounds
  A jelly (D:6)
  Crazy Yiuf (D:2)
  A bullfrog skeleton (D:4)
  4 orc priests (D:7)
  3 iguanas
  An orc wizard (D:4)
  A worker ant (D:5)
  A killer bee zombie (D:7)
  2 worker ant zombies
  9 adders
  3 gnolls (D:7)
  A shadow imp (D:5)
  A white imp (D:7)
  An ufetubus (D:7)
  2 adder skeletons
  A dart slug (D:2)
  A worm (D:2)
  3 leopard geckos
  2 orcs (D:4)
  3 ball pythons
  4 bats
  5 giant cockroaches
  7 goblins
  16 hobgoblins
  2 jackals (D:3)
  18 kobolds
  A quokka (D:4)
  A ball python skeleton (D:4)
  5 frilled lizards
  A quokka skeleton (D:5)
  5 rats
124 creatures vanquished.

Vanquished Creatures (others)
  A plant (D:7)
1 creature vanquished.

Grand Total: 125 creatures vanquished

Notes
Turn   | Place    | Note
-------+----------+-------------------------------------------
     0 | D:1      | Borgoz the Halfling Fighter began the quest for the Orb.
     0 | D:1      | Reached XP level 1. HP: 15/15 MP: 1/1
   126 | D:1      | Reached XP level 2. HP: 18/20 MP: 2/2
   617 | D:1      | Reached XP level 3. HP: 26/26 MP: 3/3
  1318 | D:2      | Reached XP level 4. HP: 28/31 MP: 4/4
  1901 | D:2      | Found a runed translucent door.
  1902 | D:2      | Noticed Crazy Yiuf
  2179 | D:2      | Killed Crazy Yiuf
  2180 | D:2      | Reached XP level 5. HP: 26/36 MP: 1/5
  3500 | D:4      | Reached XP level 6. HP: 41/43 MP: 6/6
  3741 | D:4      | Found Kiuwir's Weapon Emporium.
  4018 | D:4      | Found an opulent altar of Gozag.
  4145 | D:5      | Entered Level 5 of the Dungeon
  4208 | D:5      | Noticed a sky beast
  4224 | D:5      | Killed a sky beast
  4303 | D:5      | Reached XP level 7. HP: 47/49 MP: 7/7
  4726 | D:5      | Reached skill level 5 in Fighting
  4943 | D:6      | Found a staircase to the Ecumenical Temple.
  4953 | Temple   | Entered the Ecumenical Temple
  5109 | Temple   | Became a worshipper of Ashenzari the Shackled
  5323 | D:6      | Reached skill level 5 in Long Blades
  5323 | D:6      | Reached XP level 8. HP: 51/55 MP: 8/8
  5651 | D:7      | Reached skill level 5 in Shields
  6058 | D:7      | Reached skill level 5 in Armour
  6765 | D:7      | Reached XP level 9. HP: 13/62 MP: 9/9
  7606 | D:8      | Noticed a two-headed ogre
  7615 | D:8      | Slain by a two-headed ogre

Illustrated notes

Levels and vault maps discovered:
D:1:      dpeg_arrival_chambers_temple_mockup, layout_loops_ring,
          serial_co_window_serial, co_window_paths_a, co_window_corner_a,
          co_window_paths_a, co_window_paths_a, co_window_corner_a,
          co_window_of_opportunity_c, co_window_2corner, co_window_corner_b,
          co_window_corner_b, co_window_broadway_b, co_window_broadway_b,
          glass_columns_c, glass_columns_a, glass_columns_a, glass_columns_a
D:2:      layout_basic, uniq_crazy_yiuf_cottage
D:3:      layout_basic
D:4:      layout_basic, serial_shops, shop,
          nicolae_gozag_cash_rules_everything_around_me
D:5:      layout_rooms
D:6:      layout_loops_ring, minmay_temple_entry_steel_oval
D:7:      kennysheep_housing_project, layout_basic, serial_glass,
          glass_columns_a, glass_columns_a, glass_columns_a, glass_columns_a
D:8:      layout_loops_ring, nicolae_ru_the_path_less_chosen,
          david_lair_shrubbed, enter_bailey_5
Temple:   eino_narrow_crystal_temple

Skill      XL: |  1  2  3  4  5  6  7  8 |
---------------+-------------------------+-----
Fighting       | 3 4 5 6 |  6.4
Long Blades    | 3 4 5 6 |  6.5
Shields        | 4 5 |  5.8
Armour         | 4 5 |  5.8

Action                   |  1- 3 |  4- 6 |  7- 9 || total
-------------------------+-------+-------+-------++-------
Melee: Long sword        |    83 |   192 |   272 ||   547
  Use: Scroll            |     3 |     5 |     1 ||     9
       Potion            |       |       |     3 ||     3
Armor: Scale mail        |    24 |       |       ||    24
       Plate armour      |     2 |   108 |   143 ||   253
       Chain mail        |       |       |    17 ||    17
Dodge: Dodged            |    24 |    48 |    95 ||   167
Block: Kite shield       |    39 |    93 |   225 ||   357
       Rpst.: Long sword |     9 |    14 |    32 ||    55

Table legend: (Time is in decaauts)
 A = Elapsed time spent in this place.
 B = Non-inter-level travel time spent in this place.
 C = Inter-level travel time spent in this place.
 D = Time resting spent in this place.
 E = Time spent auto-exploring this place.
 F = Levels seen in this place.
 G = Mean time per level.
                   A        B        C        D        E       F      G
               +--------+--------+--------+--------+--------+-----+--------+
         Total |   7765 |   7483 |    282 |    847 |   5468 |   9 |  862.8 |
       Dungeon |   7600 |   7345 |    255 |    847 |   5332 |   8 |  950.0 |
        Temple |    164 |    137 |     27 |      0 |    136 |   1 |  164.0 |
               +--------+--------+--------+--------+--------+-----+--------+

Top non-repeatable levels by time:
     D:7: 2007 daAuts
     D:1: 1202 daAuts
     D:2: 1176 daAuts
     D:3: 1072 daAuts
     D:5: 781 daAuts
     D:4: 779 daAuts
     D:6: 571 daAuts
  Temple: 164 daAuts
     D:8: 9 daAuts
